 Dungeon Crawl Stone Soup version 0.29-a0-337-g68df138881 (webtiles) character file.

Game seed: 6749657371608317691

926 rageheart7 the Skirmisher (level 8, -26/45 HPs)
             Began as a Vine Stalker Fighter on Apr 16, 2022.
             Annihilated by a two-headed ogre
             ... wielding a +0 giant spiked club
              (32 damage)
             ... on level 4 of the Dungeon.
             The game lasted 00:03:48 (3485 turns).

rageheart7 the Skirmisher (Vine Stalker Fighter)    Turns: 3485, Time: 00:03:48

Health: -26/45     AC:  9    Str: 21    XL:     8   Next: 10%
Magic:  0/9        EV:  9    Int:  8    God:
Gold:   136        SH:  9    Dex: 16    Spells: 7/7 levels left

rFire   . . .      SeeInvis .   a - +0 rapier
rCold   + . .      Faith    +   c - +0 buckler
rNeg    . . .      Spirit   +   b - +0 scale mail
rPois   .          Reflect  .   (no helmet)
rElec   .          Harm     .   y - +0 cloak
rCorr   .          Rampage  .   (no gloves)
Will    +....                   x - +1 pair of boots
Stlth   ..........              n - amulet of faith
HPRegen 0.95/turn               r - ring of protection from cold
MPRegen 0.11/turn               (no ring)

@: no status effects
A: fangs 3, regeneration 1, magic shield, antimagic bite, no potion heal 2,
hooves 1, large bone plates 1, strong 1, MP-powered wands
a: no special abilities


You were on level 4 of the Dungeon.
You visited 1 branch of the dungeon, and saw 5 of its levels.

You collected 136 gold pieces.

Inventory:

Hand Weapons
 a - a +0 rapier (weapon)
Armour
 b - a +0 scale mail (worn)
 c - a +0 buckler (worn)
 x - a +1 pair of boots (worn)
 y - a +0 cloak (worn)
Jewellery
 n - an amulet of faith (around neck)
 r - a ring of protection from cold (left hand)
 t - a ring of protection from cold
Wands
 s - a wand of paralysis (6)
Scrolls
 h - a scroll of blinking
 i - a scroll of enchant weapon {unknown}
 j - 3 scrolls of immolation
 k - 3 scrolls of fog
 p - 2 scrolls of fear {unknown}
 q - a scroll of teleportation {unknown}
 u - a scroll of summoning {unknown}
 v - a scroll of acquirement {unknown}
 w - a scroll of vulnerability {unknown}
Potions
 d - a potion of flight
 e - a potion of lignification
 g - 3 potions of curing
 l - 2 potions of attraction
 m - a potion of mutation
 o - 2 potions of heal wounds
 z - a potion of berserk rage


   Skills:
 * Level 6.4 Fighting
 * Level 6.0 Short Blades
 - Level 2.4 Armour
 - Level 2.6 Shields


You had 7 spell levels left.
You didn't know any spells.
Your spell library contained the following spells:

 Spells                   Type           Power      Damage    Failure   Level
 Animate Skeleton         Necr           0%         N/A       85%         1
 Apportation              Tloc           0%         N/A       85%         1
 Pain                     Necr           0%         1d4       85%         1
 Summon Small Mammal      Summ           0%         N/A       85%         1
 Vampiric Draining        Necr           0%         2d6       99%         3


Dungeon Overview and Level Annotations

Branches:
Dungeon (5/15)
 Temple: D:4-7

Altars:
Xom
The Shining One


Innate Abilities, Weirdness & Mutations

You have razor-sharp teeth.
Your natural rate of healing is unusually fast.
When hurt, damage is shared between your health and your magic reserves.
Your bite disrupts and absorbs the magic of your enemies.
Potions cannot restore your health.
You have large cloven feet.
You are partially covered in large bone plates. (SH +4)
Your muscles are strong. (Str +2)
You expend magic power (3 MP) to strengthen your wands.


Message History

No target in view!
A kobold comes into view. It is wielding a +0 dagger.
The kobold shouts!
A kobold is nearby!
A kobold is nearby!
The kobold barely misses you.
You barely miss the kobold. You bite the kobold.
You kill the kobold!
Things that are here:
a +0 dagger; a kobold corpse No target in view!
A two-headed ogre comes into view.
It is wielding a +0 giant spiked club and a +0 giant club.
The two-headed ogre shouts in stereo!
You block the two-headed ogre's attack. x2
A two-headed ogre is nearby!
You hit the two-headed ogre.
The two-headed ogre is lightly wounded.
The two-headed ogre closely misses you.
The two-headed ogre hits you with a +0 giant club!!
A two-headed ogre is nearby!
You hit the two-headed ogre. You bite the two-headed ogre. You drain its power.
You feel invigorated.
The two-headed ogre is moderately wounded.
You puncture the two-headed ogre! You bite the two-headed ogre.
You drain its power.
You feel invigorated.
The two-headed ogre is heavily wounded.
The two-headed ogre closely misses you. x2
You puncture the two-headed ogre! You bite the two-headed ogre!
You drain its power.
The two-headed ogre is severely wounded.
The two-headed ogre hits you with a +0 giant spiked club!
The two-headed ogre hits you with a +0 giant club!
* * * LOW HITPOINT WARNING * * *
The two-headed ogre attacks as you move away!
The two-headed ogre hits you but does no damage.
You block the two-headed ogre's attack.
The two-headed ogre attacks as you move away!
The two-headed ogre hits you with a +0 giant spiked club!!
Ouch! That really hurt!
You die...

######## ###########......#
#........##.####.#
#........# #O#
#..<.....##.####@#
..............##.#
#.............##.#
.....^#.#.....##.#
###.###.#.....##.#
......>.#.....##.#
###.#...#.....##.#
#.#...#.....##.#############
#.#........................#


You could see a two-headed ogre.

Vanquished Creatures
  Sigmund (D:4)
  Edmund (D:4)
  2 necrophages (D:5)
  A scorpion (D:4)
  4 crimson imps (D:3)
  A jelly (D:4)
  A hound (D:4)
  Crazy Yiuf (D:3)
  Jessica (D:3)
  Ijyb (D:3)
  3 iguanas (D:5)
  5 adders
  A worm (D:2)
  2 dart slugs
  7 ball pythons
  4 bats
  An endoplasm (D:1)
  5 giant cockroaches
  4 goblins
  10 hobgoblins
  6 kobolds
  7 quokkas
  6 frilled lizards
  5 rats
80 creatures vanquished.

Notes
Turn   | Place    | Note
-------+----------+-------------------------------------------
     0 | D:1      | rageheart7 the Vine Stalker Fighter began the quest for the
                  | Orb.
     0 | D:1      | Reached XP level 1. HP: 11/11 MP: 2/2
   117 | D:1      | Reached XP level 2. HP: 16/16 MP: 3/3
   391 | D:1      | Found a faded altar of an unknown god.
   608 | D:2      | Reached XP level 3. HP: 7/20 MP: 2/4
  1331 | D:2      | Found a glowing golden altar of the Shining One.
  1350 | D:2      | Gained mutation: Your natural rate of healing is unusually
                  | fast. [Vine Stalker growth]
  1350 | D:2      | Reached XP level 4. HP: 24/24 MP: 5/5
  1653 | D:2      | Gained mutation: You have large cloven feet. [potion of
                  | mutation]
  1653 | D:2      | Gained mutation: You are partially covered in large bone
                  | plates. (SH +4) [potion of mutation]
  1653 | D:2      | Gained mutation: You expend magic power (3 MP) to
                  | strengthen your wands. [potion of mutation]
  1653 | D:2      | Gained mutation: Your muscles are strong. (Str +2) [potion
                  | of mutation]
  1786 | D:3      | Found a runed translucent door.
  1787 | D:3      | Noticed Crazy Yiuf
  1897 | D:3      | Noticed Ijyb
  1902 | D:3      | Killed Ijyb
  1908 | D:3      | You fall into a shaft and drop 2 floors!
  1908 | D:5      | Entered Level 5 of the Dungeon
  1908 | D:5      | Noticed a necrophage
  1910 | D:5      | Noticed a necrophage
  1935 | D:5      | Killed a necrophage
  1936 | D:5      | Reached XP level 5. HP: 28/29 MP: 6/6
  1949 | D:5      | Reached XP level 6. HP: 33/34 MP: 7/7
  2251 | D:4      | Noticed Edmund
  2254 | D:4      | Reached skill level 5 in Fighting
  2257 | D:4      | Killed Edmund
  2258 | D:4      | Reached XP level 7. HP: 32/39 MP: 5/8
  2679 | D:3      | Found a shimmering altar of Xom.
  2683 | D:3      | Reached skill level 5 in Short Blades
  2705 | D:3      | Noticed Jessica
  2711 | D:3      | Killed Jessica
  2960 | D:3      | Killed Crazy Yiuf
  3013 | D:4      | Noticed Sigmund
  3020 | D:4      | Killed Sigmund
  3055 | D:4      | Gained mutation: You have razor-sharp teeth. [Vine Stalker
                  | growth]
  3055 | D:4      | Reached XP level 8. HP: 44/44 MP: 9/9
  3475 | D:4      | Noticed a two-headed ogre
  3485 | D:4      | Annihilated by a two-headed ogre

Illustrated notes

Levels and vault maps discovered:
D:1:      tarquinn_simple_flora_water_b, layout_rooms,
          ebering_ecumenical_altar_webs, minmay_worlds_worst_comb
D:2:      layout_basic, basic_altar
D:3:      layout_basic, led_xom_imps, uniq_crazy_yiuf_cottage, uniq_jessica,
          uniq_ijyb
D:4:      layout_basic, uniq_sigmund, uniq_edmund
D:5:      kennysheep_steamy, layout_loops_ring, minmay_temple_entry_tees,
          minivault_26, uniq_eustachio, uniq_grinder

Skill      XL: |  1  2  3  4  5  6  7  8 |
---------------+-------------------------+-----
Short Blades   | 2 3 4 5 6 |  6.0
Fighting       | 3 4 5 6 |  6.4
Armour         | |  2.4
Shields        | |  2.6

Action                   |  1- 3 |  4- 6 |  7- 9 || total
-------------------------+-------+-------+-------++-------
Melee: Rapier            |    86 |    88 |    64 ||   238
       Bite              |    25 |    25 |    24 ||    74
       Kick              |       |    22 |     4 ||    26
  Use: Scroll            |       |     7 |     3 ||    10
       Potion            |       |     2 |     1 ||     3
Armor: Scale mail        |    27 |    22 |    14 ||    63
Dodge: Dodged            |    36 |    22 |    23 ||    81
Block: Buckler           |    21 |    26 |    26 ||    73

Table legend: (Time is in decaauts)
 A = Elapsed time spent in this place.
 B = Non-inter-level travel time spent in this place.
 C = Inter-level travel time spent in this place.
 D = Time resting spent in this place.
 E = Time spent auto-exploring this place.
 F = Levels seen in this place.
 G = Mean time per level.
                   A        B        C        D        E       F      G
               +--------+--------+--------+--------+--------+-----+--------+
         Total |   3499 |   3391 |    108 |      0 |   2812 |   5 |  699.8 |
       Dungeon |   3499 |   3391 |    108 |      0 |   2812 |   5 |  699.8 |
               +--------+--------+--------+--------+--------+-----+--------+

Top non-repeatable levels by time:
     D:2: 1077 daAuts
     D:3: 961 daAuts
     D:4: 647 daAuts
     D:1: 604 daAuts
     D:5: 208 daAuts
